 Dungeon Sprint DCSS version 0.30-a0-509-gd016549fea (webtiles) character file.

Game seed: 9664359329446244303

1463 rocky1 the Spear-Bearer (level 9, -10/78 HPs)
             Began as a Formicid Fighter on Dec 23, 2022.
             Was an Initiate of Gozag.
             Mangled by a two-headed ogre
             ... wielding a +0 giant spiked club
              (21 damage)
             ... in the Dungeon (Sprint III: "The Ten Rune Challenge").
             The game lasted 00:03:23 (1349 turns).

rocky1 the Spear-Bearer (Formicid Fighter)          Turns: 1349, Time: 00:03:24

Health: -10/78     AC:  8    Str: 24    XL:     9   Next: 5%
Magic:  9/9        EV: 11    Int:  9    God:    Gozag
Gold:   378        SH:  7    Dex: 13    Spells: 8/8 levels left

rFire   . . .      SeeInvis +    a - +0 trident
rCold   . . .      Faith    .    c - +0 buckler
rNeg    . . .      Spirit   .    f - +0 scale mail
rPois   .          Reflect  .    (helmet unavailable)
rElec   .          Harm     .    (no cloak)
rCorr   .          Rampage  .    (no gloves)
Will    .....                    (no boots)
Stlth   ..........               (no amulet)
HPRegen 0.33/turn                (no ring)
MPRegen 0.11/turn                (no ring)

@: gold aura
A: permanent stasis, dig shafts and tunnels, antennae 3, four strong arms
a: Dig, Renounce Religion, Potion Petition, Call Merchant, Bribe Branch


You were in the Dungeon.
You worshipped Gozag.
Gozag was aware of your devotion.
You visited 1 branch You collected 538 gold pieces.
You paid 160 gold pieces to Gozag.

Inventory:

Hand Weapons
 a - a +0 trident (weapon)
 b - a +3 sling
Armour
 c - a +0 buckler (worn)
 f - a +0 scale mail (worn)
Scrolls
 i - a scroll of poison {unknown}
 j - 4 scrolls of identify
 l - a scroll of torment {unknown}
Potions
 e - 2 potions of curing
 g - 2 potions of magic
 h - 4 potions of mutation {unknown}
 k - 2 potions of flight
 m - a potion of resistance {unknown}
Miscellaneous
 d - a phantom mirror


   Skills:
 - Level 9.8 Fighting
 + Level 10.9 Polearms
 + Level 5.9 Ranged Weapons
 - Level 9.9 Armour
 - Level 2.8 Dodging
 - Level 1.0 Stealth
 - Level 10.8 Shields


You had 8 spell levels left.
You didn't know any spells.
Your spell library contained the following spells:

 Spells                   Type           Power      Damage    Failure   Level
 Ensorcelled Hibernation  Hex/Ice        0%         N/A       83%         2
 Spider Form              Tmut/Pois      0%         N/A       96%         3
 Anguish                  Hex/Necr       0%         N/A       100%        4


Dungeon Overview and Level Annotations

Branches:
Dungeon (1/1)

Altars:
Cheibriados
Dithmenos
Elyvilon
Fedhas
Gozag
Hepliaklqana
Kikubaaqudgha
Makhleb
Nemelex Xobeh
Okawaru
Qazlal
Ru
Sif Muna
Trog
Uskayaw
Vehumet
Wu Jian
Xom
Yredelemnul
Zin
The Shining One
Jiyva
Lugonu


Innate Abilities, Weirdness & Mutations

You cannot be hasted, slowed, berserked, paralysed or teleported.
You can dig through walls and to a lower floor.
You have a pair of large antennae on your head. (SInv)
Your four strong arms can wield two-handed weapons with a shield.


Message History

You have reached level 9!
Your experience leads to an increase in your attributes!
Increase (S)trength, (I)ntelligence, or (D)exterity?
You feel stronger. x2
Unknown command.
You hit the two-headed ogre but do no damage.
The two-headed ogre barely misses you. The two-headed ogre misses you.
You closely miss the two-headed ogre. You barely miss the two-headed ogre.
The two-headed ogre misses you. The two-headed ogre closely misses you.
You hit the two-headed ogre but do no damage.
You puncture the two-headed ogre!
The two-headed ogre is moderately wounded.
The two-headed ogre hits you with a +0 giant club!
You block the two-headed ogre's attack.
You hit the two-headed ogre.
The two-headed ogre is heavily wounded.
You hit the two-headed ogre.
The two-headed ogre is heavily wounded.
The two-headed ogre closely misses you. You block the two-headed ogre's attack.
You barely miss the two-headed ogre.
The two-headed ogre is heavily wounded.
You puncture the two-headed ogre!
The two-headed ogre is almost dead.
The two-headed ogre hits you with a +0 giant club!!
* * * LOW HITPOINT WARNING * * *
The two-headed ogre hits you with a +0 giant spiked club!
* * * LOW HITPOINT WARNING * * *
You puncture the two-headed ogre!
You kill the two-headed ogre!
The two-headed ogre is distracted by your dazzling golden aura.
Items here: $ )))).
You feel better.
The two-headed ogre shouts in stereo!
You puncture the two-headed ogre!
The two-headed ogre is no longer distracted by gold.
The two-headed ogre is moderately wounded.
The two-headed ogre hits you with a +0 giant spiked club!!
You die...
Your body crumbles into a pile of gold. ♣..###'#'###)## {{{ $ ♣..#..).......# {{{{

.♣.'.⌠........#$ $
$ $$
...#...######'#$ $
$ ...#.⌠.#__#...# #
# ...#...#__#...#
.#.#
...#)###__#...##
#..
...#...#__#...'##.#
...#___#__'...#.@O#
▓▓▓▓▓▓▓▓▓▓▓▓▓▓▓▓▓▓▓
{ { { {{ { {{ $ $


You could see a two-headed ogre.

Vanquished Creatures
  A deep elf pyromancer (D)
  A shadow (D)
  A spatial vortex (D)
  2 two-headed ogres (D)
  A necrophage (D)
  A scorpion (D)
  A water elemental (D)
  A jelly (D)
  Jessica (D)
  A wizard (D)
  A necromancer (D)
  3 humans (D)
  A kobold demonologist (D)
  An endoplasm (D)
  A rat (D)
18 creatures vanquished.

Notes
Turn   | Place    | Note
-------+----------+-------------------------------------------
     0 | D        | rocky1 the Formicid Fighter began the quest for the Orb.
     0 | D        | Reached XP level 1. HP: 18/18 MP: 1/1
    44 | D        | Noticed Jessica
    57 | D        | Killed Jessica
    58 | D        | Reached XP level 2. HP: 4/26 MP: 2/2
    58 | D        | Reached XP level 3. HP: 5/32 MP: 3/3
   185 | D        | Noticed a scorpion
   200 | D        | Killed a scorpion
   201 | D        | Reached skill level 5 in Armour
   201 | D        | Reached XP level 4. HP: 16/40 MP: 4/4
   316 | D        | Reached XP level 5. HP: 20/47 MP: 5/5
   449 | D        | Noticed a water elemental
   455 | D        | Killed a water elemental
   456 | D        | Reached skill level 1 in Dodging
   600 | D        | Reached XP level 6. HP: 44/55 MP: 6/6
   638 | D        | Noticed a shadow
   651 | D        | Killed a shadow
   652 | D        | Reached skill level 5 in Polearms
   685 | D        | Found a blossoming altar of Fedhas.
   685 | D        | Found a stormy altar of Qazlal.
   685 | D        | Found a snail-covered altar of Cheibriados.
   685 | D        | Found a burning altar of Makhleb.
   685 | D        | Found a shimmering altar of Xom.
   686 | D        | Found a hazy altar of Hepliaklqana.
   686 | D        | Found an opulent altar of Gozag.
   686 | D        | Found a sparkling altar of Nemelex Xobeh.
   686 | D        | Found a corrupted altar of Lugonu.
   686 | D        | Found a viscous altar of Jiyva.
   686 | D        | Noticed a spatial vortex
   691 | D        | Became a worshipper of Gozag Ym Sagoz the Greedy
   719 | D        | Killed a spatial vortex
   720 | D        | Reached skill level 10 in Shields
   720 | D        | Reached XP level 7. HP: 63/63 MP: 7/7
   826 | D        | Found a basalt altar of Yredelemnul.
   826 | D        | Found a shadowy altar of Dithmenos.
   826 | D        | Found a sacrificial altar of Ru.
   950 | D        | Found a radiant altar of Vehumet.
   950 | D        | Found a shimmering blue altar of Sif Muna.
   950 | D        | Found an ancient bone altar of Kikubaaqudgha.
   973 | D        | Found a hide-covered altar of Uskayaw.
   973 | D        | Found an iron altar of Okawaru.
   973 | D        | Found a bloodstained altar of Trog.
   973 | D        | Found an ornate altar of the Wu Jian Council.
   973 | D        | Noticed a human
   973 | D        | Noticed a human
   990 | D        | Killed a human
   991 | D        | Reached XP level 8. HP: 14/71 MP: 8/8
  1012 | D        | Killed a human
  1013 | D        | Reached skill level 1 in Stealth
  1166 | D        | Found a glowing silver altar of Zin.
  1166 | D        | Found a glowing golden altar of the Shining One.
  1166 | D        | Found a white marble altar of Elyvilon.
  1166 | D        | Noticed a deep elf pyromancer
  1195 | D        | Killed a deep elf pyromancer
  1196 | D        | Reached skill level 10 in Polearms
  1196 | D        | Reached skill level 5 in Ranged Weapons
  1337 | D        | Reached XP level 9. HP: 46/78 MP: 9/9
  1345 | D        | HP: 1/78 [two-headed ogre/+0 giant club (13)]
  1349 | D        | Mangled by a two-headed ogre

Illustrated notes

Levels and vault maps discovered:
D:        dungeon_sprint_mu [sprint_mu_entry_forest, sprint_mu_temple_rooms,
          sprint_mu_d1_spiders, sprint_mu_d2_genie, sprint_mu_d3_branching,
          sprint_mu_orc_legion, sprint_mu_elf_gauntlet, sprint_mu_hive_nellie,
          sprint_mu_lair_fedhas, sprint_mu_vaults_butterflies,
          sprint_mu_slime_circle, sprint_mu_swamp_cave, sprint_mu_snake_twists,
          sprint_mu_blade_basic, sprint_mu_crypt_chambers,
          sprint_mu_tomb_spiral, sprint_mu_vestibule_basic,
          sprint_mu_gehenna_hellfire, sprint_mu_dis_giant,
          sprint_mu_tartarus_statrot, sprint_mu_cocytus_islands, sprint_mu_zot1]

Skill      XL: |  1  2  3  4  5  6  7  8 |
---------------+-------------------------+-----
Fighting       | 4 6 7 8 9 |  9.8
Armour         | 4 5 6 7 9 |  9.9
Shields        | 6 7 8 10 | 10.8
Polearms       | 3 4 6 8 10 | 10.9
Dodging        | 1 2 |  2.8
Stealth        | 1 |  1.0
Ranged Weapons | 5 |  5.9

Action                   |  1- 3 |  4- 6 |  7- 9 || total
-------------------------+-------+-------+-------++-------
Melee: Trident           |    33 |    53 |    98 ||   184
 Fire: Sling             |       |       |     3 ||     3
Invok: Potion Petition   |       |       |     1 ||     1
  Use: Potion            |       |     1 |     2 ||     3
 Stab: Distracted        |       |       |     1 ||     1
Armor: Scale mail        |    11 |     9 |    17 ||    37
Dodge: Dodged            |    12 |    13 |    37 ||    62
Block: Buckler           |     4 |     5 |    12 ||    21

Table legend: (Time is in decaauts)
 A = Elapsed time spent in this place.
 B = Non-inter-level travel time spent in this place.
 C = Inter-level travel time spent in this place.
 D = Time resting spent in this place.
 E = Time spent auto-exploring this place.
 F = Levels seen in this place.
 G = Mean time per level.
                   A        B        C        D        E       F      G
               +--------+--------+--------+--------+--------+-----+--------+
         Total |   1353 |   1346 |      7 |    907 |     33 |   1 | 1353.0 |
       Dungeon |   1353 |   1346 |      7 |    907 |     33 |   1 | 1353.0 |
               +--------+--------+--------+--------+--------+-----+--------+

Top non-repeatable levels by time:
       D: 1353 daAuts
